AoeStats
← Captain Rogers

Black Forest

509432391Analyzed
4v4 RM · 6d ago on Sep 26, 2026· 57m 43s· 8 players
Game mode
Random Map
Map size
Large (8 player)
Population
200
Speed
Normal
Resources
Standard
Victory
Conquest
Starting age
Dark Age
Ending age
Imperial Age
RankedLock teamsTeams togetherTeam positionsShared explorationLock speedFull tech treeHidden civsTurbo modeCheats
Victory
Defeat
🇬🇧 Danes · United Kingdom
962
+12
🇺🇸 Shu · United States
956
+12
🇩🇪 Goths · Germany
949
+12
🇨🇳 Saxons · China
900
+14
🇲🇽 Huns · Mexico
980
-16
🇪🇸 Chinese · Spain
923
-15
🇮🇳 Teutons · India
831
-11
🇪🇸 Khmer · Spain
727
-8
aoken_1
9:38 Loom
16:48 Feudal Age
20:26 Castle Age
18:46 Double-Bit Axe
19:09 Horse Collar
23:24 Bow Saw
27:48 Heavy Plow
30:02 Gold Mining
31:43 Stone Mining
36:04 Imperial Age
36:41 Wheelbarrow
36:50 Gold Shaft Mining
36:51 Stone Shaft Mining
36:30 Forging
36:20 Scale Mail Armor
36:24 Caravan
36:10 Onager
38:00 Iron Casting
39:23 Elite Varangian Guard
42:51 Squires
42:37 Arson
42:37 Gambesons
42:23 Capped Ram
45:13 Blast Furnace
44:28 Chain Mail Armor
45:17 Chemistry
44:13 Murder Holes
46:19 Hand Cart
49:53 Plate Mail Armor
52:15 Siege Onager
太原老登
9:07 Loom
11:10 Feudal Age
11:48 Loom
12:40 Loom
16:38 Castle Age
16:00 Double-Bit Axe
15:57 Horse Collar
26:38 Squires
28:42 Wheelbarrow
28:56 Heavy Plow
30:08 Hand Cart
30:48 Bow Saw
33:50 Imperial Age
32:30 Arson
33:03 Forging
32:54 Scale Mail Armor
32:55 Murder Holes
32:40 Treadmill Crane
33:12 Masonry
33:40 Caravan
34:49 Iron Casting
34:04 Elite Varangian Guard
34:15 Shield Wall
35:16 Conscription
37:14 Crop Rotation
38:09 Two-Man Saw
37:02 Capped Ram
38:28 Chain Mail Armor
39:08 Scale Barding Armor
39:39 Plate Mail Armor
39:10 Siege Ram
39:44 Town Watch
42:51 Town Patrol
43:28 Sanctity
47:40 Coinage
50:15 Banking
56:38 Stone Mining
Heftilus
6:04 Loom
12:09 Feudal Age
16:28 Castle Age
14:43 Double-Bit Axe
14:40 Horse Collar
14:52 Stone Mining
15:43 Gold Mining
17:41 Bow Saw
17:59 Heavy Plow
23:51 Wheelbarrow
31:29 Imperial Age
29:28 Hand Cart
28:58 Town Watch
29:59 Anarchy
30:39 Stone Shaft Mining
30:55 Forging
31:08 Squires
30:29 Pikeman
31:29 Town Patrol
32:07 Scale Mail Armor
32:45 Iron Casting
32:02 Elite Huskarl
32:58 Halberdier
34:06 Chain Mail Armor
34:51 Blast Furnace
34:37 Conscription
33:47 Capped Ram
35:19 Murder Holes
35:05 Treadmill Crane
35:42 Perfusion
36:34 Masonry
37:07 Crop Rotation
37:53 Two-Man Saw
38:38 Architecture
38:03 Fletching
38:19 Scale Barding Armor
38:32 Caravan
42:49 Ballistics
43:31 Chemistry
43:05 Coinage
42:45 Guilds
43:05 Bodkin Arrow
44:02 Bracer
44:22 Sappers
45:01 Man-at-Arms
46:21 Chain Barding Armor
46:03 Padded Archer Armor
46:09 Long Swordsman
46:50 Two-Handed Swordsman
47:11 Champion
49:02 Heavy Scorpion
52:51 Leather Archer Armor
53:36 Bloodlines
53:28 Husbandry
52:50 Light Cavalry
53:44 Onager
Frito
2:18 Loom
16:17 Feudal Age
18:04 Double-Bit Axe
22:15 Castle Age
21:12 Horse Collar
23:29 Fletching
24:08 Stone Mining
27:19 Bodkin Arrow
28:14 Crossbowman
32:26 Wheelbarrow
32:26 Bow Saw
33:12 Thumb Ring
37:39 Imperial Age
36:15 Padded Archer Armor
35:39 Elite Skirmisher
38:18 Scale Mail Armor
38:29 Forging
38:52 Conscription
38:39 Bracer
38:58 Leather Archer Armor
38:08 Pikeman
43:47 Hand Cart
43:38 Caravan
43:51 Squires
44:13 Gold Mining
45:42 Forging
45:33 Scale Mail Armor
46:04 Ring Archer Armor
45:39 Halberdier
47:43 Town Watch
49:00 Ballistics
Captain Rogers
13:02 Feudal Age
14:20 Wheelbarrow
19:26 Horse Collar
19:33 Double-Bit Axe
19:42 Stone Mining
19:45 Gold Mining
25:18 Castle Age
26:08 Scale Barding Armor
26:13 Forging
26:23 Heavy Plow
27:01 Stone Shaft Mining
27:04 Gold Shaft Mining
26:42 Bow Saw
26:44 Caravan
30:57 Chain Barding Armor
31:13 Iron Casting
30:57 Hand Cart
36:39 Imperial Age
37:51 Conscription
36:52 Elite Ballista Elephant
39:16 Double Crossbow
40:06 Crop Rotation
43:09 Plate Barding Armor
42:42 Husbandry
43:04 Bloodlines
46:49 Blast Furnace
xxbysnipxx
0:28 Loom
13:51 Feudal Age
24:43 Castle Age
24:08 Gold Mining
24:02 Horse Collar
24:10 Double-Bit Axe
30:22 Fletching
33:29 Heavy Plow
37:13 Imperial Age
35:36 Wheelbarrow
36:20 Ballistics
36:51 Stone Mining
37:21 Bodkin Arrow
37:27 Scale Mail Armor
37:30 Elite Teutonic Knight
38:32 Conscription
39:11 Squires
39:57 Crop Rotation
40:12 Guilds
43:06 Guard Tower
44:18 Chemistry
43:04 Arrowslits
43:56 Cavalier
44:47 Bloodlines
44:40 Padded Archer Armor
44:51 Forging
44:57 Chain Mail Armor
45:46 Caravan
46:25 Stone Shaft Mining
46:05 Bow Saw
47:07 Paladin
Javi Rubio
0:28 Loom
15:03 Feudal Age
15:36 Double-Bit Axe
21:01 Castle Age
21:20 Horse Collar
22:04 Stone Mining
23:37 Stone Shaft Mining
26:13 Bow Saw
26:02 Gold Mining
28:47 Caravan
29:37 Gold Shaft Mining
30:15 Heavy Plow
30:40 Fletching
30:51 Padded Archer Armor
32:38 Leather Archer Armor
32:19 Bodkin Arrow
34:51 Wheelbarrow
37:21 Imperial Age
36:37 Ballistics
38:41 Hand Cart
39:20 Elite Chu Ko Nu
40:52 Ring Archer Armor
40:23 Bracer
41:25 Chemistry
41:06 Conscription
MiloJ
0:28 Loom
11:56 Feudal Age
13:33 Wheelbarrow
13:12 Double-Bit Axe
14:24 Horse Collar
17:16 Castle Age
17:41 Town Watch
18:14 Hand Cart
18:13 Bow Saw
18:25 Heavy Plow
20:17 Caravan
23:23 Caravan
25:57 Gold Mining
27:25 Gold Shaft Mining
31:55 Imperial Age
30:15 Forging
30:23 Stone Mining
30:54 Bloodlines
30:45 Husbandry
31:35 Iron Casting
32:02 Cavalier
33:48 Blast Furnace
32:54 Scale Barding Armor
33:58 Two-Man Saw
32:27 Capped Ram
33:33 Paladin
35:16 Conscription
35:01 Marauders
34:44 Siege Ram
36:31 Chain Barding Armor
39:57 Plate Barding Armor
39:46 Man-at-Arms
40:27 Squires
40:12 Arson
41:22 Long Swordsman
42:10 Fletching
42:32 Two-Handed Swordsman
43:25 Scale Mail Armor
45:35 Chain Mail Armor
45:36 Town Watch
49:31 Town Patrol
54:06 Elite Skirmisher
55:00 Bodkin Arrow
55:06 Padded Archer Armor
55:52 Bracer
57:37 Leather Archer Armor
57:58 Ballistics
Connection lost

Rejoining the realm…

Still unreachable

The connection could not be restored.

Session expired

The server has moved on; the page needs a fresh start.